 Dungeon Crawl Stone Soup version 0.28.0-45-g0d030f2227 (webtiles) character file.

Game seed: 6548425064874304408

86 Kenran the Ruffian (level 4, -1/39 HPs)
             Began as a Palentonga Fighter on Apr 24, 2022.
             Succumbed to Ijyb's poison
             ... on level 2 of the Dungeon.
             The game lasted 00:04:23 (2008 turns).

Kenran the Ruffian (Palentonga Fighter)             Turns: 2008, Time: 00:04:24

Health: -1/39      AC:  7    Str: 21    XL:     4   Next: 26%
Magic:  4/4        EV:  7    Int:  9    God:
Gold:   66         SH:  4    Dex:  9    Spells: 3/3 levels left

rFire   . . .      SeeInvis +     - Unarmed
rCold   . . .      Faith    .   b - +0 buckler
rNeg    . . .      Spirit   .   a - +0 scale mail
rPois   .          Reflect  .   (no helmet)
rElec   .          Harm     .   (no cloak)
rCorr   .          Rampage  .   d - +0 pair of gloves
Will    .....                   (no barding)
Stlth   ..........              (no amulet)
HPRegen 0.13/turn               (no ring)
MPRegen 0.09/turn               (no ring)

@: mighty, lethally poisoned (-1 -> -28)
A: large, rugged brown scales 3, see invisible, deformed body, roll 1, armoured
tail
a: Rolling Charge


You were on level 2 of the Dungeon.
You visited 1 branch of the dungeon, and saw 2 of its levels.

You collected 66 gold pieces.

Inventory:

Armour
 a - a +0 scale mail (worn)
 b - a +0 buckler (worn)
 d - a +0 pair of gloves (worn)
 l - a +0 plate armour
Scrolls
 e - a scroll of enchant armour {unknown}
 f - a scroll of teleportation {unknown}
 h - 2 scrolls of noise {unknown}
 j - a scroll of identify {unknown}
Potions
 c - a potion of might
 g - a potion of degeneration {unknown}
 i - 2 potions of magic {unknown}
 k - a potion of flight {unknown}


   Skills:
 + Level 3.7 Fighting
 - Level 2.4 Armour
 - Level 2.4 Shields
 * Level 4.0 Unarmed Combat


You had 3 spell levels left.
You didn't know any spells.
Your spell library was empty.

Dungeon Overview and Level Annotations

Branches:
Dungeon (2/15)

Altars:

Shops:
D:1 !

Annotations:
D:2 Ijyb


Innate Abilities, Weirdness & Mutations

You are completely covered in rugged brown scales. (AC +3, +7% HP)
You have supernaturally acute eyesight. (SInv)
Armour fits poorly on your strangely shaped body.
You can roll at nearby foes to attack.
You have a long armoured tail.


Message History

Ijyb zaps a wand.
You suddenly lose the ability to move!
Ijyb zaps a wand.
You shrug off the repeated paralysis!
Ijyb hits you with a +2 dagger of venom.
You are poisoned.
You feel sick. Ijyb screams, "Me stronger than you!"
Ijyb hits you with a +2 dagger of venom.
You are more poisoned.
You can move again.
Unknown command.
Unknown command.
Unknown command.
Unknown command.
You closely miss Ijyb.
You feel very sick.
Ijyb hits you with a +2 dagger of venom.
You hit Ijyb but do no damage.
You feel very sick.
Ijyb hits you with a +2 dagger of venom.
You are more poisoned.
You hit Ijyb but do no damage. You tail-slap Ijyb, but do no damage.
You feel very sick.
Ijyb zaps a wand.
You resist with some effort.
You hit Ijyb but do no damage.
You feel very sick. You block Ijyb's attack.
You closely miss Ijyb.
You feel very sick.
Ijyb zaps a wand.
You resist with some effort.
You miss Ijyb.
Your tail-slap misses Ijyb.
You feel sick.
Ijyb hits you with a +2 dagger of venom.
You are lethally poisoned!
You barely miss Ijyb.
* * * LOW HITPOINT WARNING * * *
You feel very sick.
Ijyb hits you with a +2 dagger of venom.
* * * LOW HITPOINT WARNING * * *
You are more poisoned.
You feel very mighty all of a sudden.
You die...

#.#...# ####'####
######.#.####### #.......#
................##.......#
######.#.######.##.......#
#.#.# #.##.......# #.#.#
#.#####'####### #.#.#
#.............#
#.#.######.............#
#.#.#....#.@g..........# ###
#.#.#....#.#####'####### ..#
#.#.#....#.# #.#
#'####.#.#....#.#####'##
....##.#.#....#.##.....#
....##.#.##'#.#.##.....#
....##.#.##[#.#.##.....#
.......#.##.#.#.##.....#####
...............)..........>#


You could see Ijyb.

Vanquished Creatures
  4 adders
  2 worms (D:2)
  A dart slug (D:2)
  4 ball pythons
  5 endoplasms
  A giant cockroach (D:1)
  8 goblins
  2 hobgoblins (D:1)
  2 jackals (D:2)
  3 quokkas
  A bat (D:1)
  2 frilled lizards
  2 rats
37 creatures vanquished.

Notes
Turn   | Place    | Note
-------+----------+-------------------------------------------
     0 | D:1      | Kenran the Palentonga Fighter began the quest for the Orb.
     0 | D:1      | Reached XP level 1. HP: 19/19 MP: 1/1
   259 | D:1      | Reached XP level 2. HP: 25/25 MP: 2/2
   260 | D:1      | Found Usya's Distillery.
   886 | D:2      | Reached skill level 3 in Unarmed Combat
   910 | D:2      | Reached XP level 3. HP: 19/31 MP: 3/3
  1381 | D:2      | Reached XP level 4. HP: 12/38 MP: 4/4
  1985 | D:2      | Reached skill level 4 in Unarmed Combat
  1993 | D:2      | Noticed Ijyb
  1994 | D:2      | Paralysed by Ijyb for 7 turns
  2008 | D:2      | Succumbed to Ijyb's poison

Illustrated notes

Levels and vault maps discovered:
D:1:      minmay_arrival_split_and_join, layout_basic, serial_shops,
          nicolae_shop_statue_plus
D:2:      kennysheep_the_goblin_king, layout_basic, uniq_crazy_yiuf_cottage,
          uniq_sigmund

Skill      XL: |  1  2  3  4 |
---------------+-------------+-----
Unarmed Combat | 3 4 |  4.0
Fighting       | |  3.7
Armour         | |  2.4
Shields        | |  2.4

Action                   |  1- 3 |  4- 6 || total
-------------------------+-------+-------++-------
Melee: Unarmed           |   135 |    28 ||   163
       Tailslap          |    13 |     3 ||    16
  Use: Potion            |       |     1 ||     1
Armor: Scale mail        |    48 |     5 ||    53
Dodge: Dodged            |    40 |     7 ||    47
Block: Buckler           |    24 |     3 ||    27
